 Dungeon Crawl Stone Soup version 0.28-a0-589-g333b8329f1 (webtiles) character file.

Game seed: 1861020106596081398

134530 sleeves the Mender (level 16, -1/146 HPs)
             Began as a Deep Dwarf Gladiator on Oct 3, 2021.
             Was a Priest of Elyvilon.
             Succumbed to a redback's poison
             ... on level 3 of the Spider Nest.
             The game lasted 01:17:24 (27357 turns).

sleeves the Mender (Deep Dwarf Gladiator)          Turns: 27357, Time: 01:17:25

Health: -1/146     AC: 15    Str: 29    XL:     16   Next: 62%
Magic:  18/21      EV:  6    Int: 14    God:    Elyvilon [***...]
Gold:   2117       SH:  0    Dex: 18    Spells: 15/15 levels left

rFire   + . .      SeeInvis +   Q - +9 mace of Woe {venom, rPois rC+++ Int-3 Dex-2}
rCold   + + +      Faith    .   r - +2 buckler
rNeg    + . .      Spirit   .   F - +1 plate armour of the Three Youths {Int+2 Slay+3 SInv Stlth-}
rPois   +          Reflect  .   Y - +2 helmet
rElec   .          Harm     .   D - scarf {repulsion}
rCorr   .          Rampage  .   L - +0 pair of gloves of Tisoaj {Str+4}
Will    ++...                   Z - +0 pair of boots
Stlth   ..........              l - amulet of the acrobat
HPRegen 0.00/turn               u - +6 ring of dexterity
MPRegen 0.17/turn               N - ring of Geulifad {rPois rF+ Int+6}

@: lethally poisoned (-1 -> -45), about to teleport, divinely protected,
corroded, held, repel missiles
A: damage resistance, heal wounds, negative energy resistance 1, sense
surroundings 2, no regeneration
a: Heal Wounds, Renounce Religion, Lesser Healing, Heal Other, Purification,
Divine Protection


You were on level 3 of the Spider Nest.
You worshipped Elyvilon.
Elyvilon was most pleased with you.
You visited 5 branches of the dungeon, and saw 28 of its levels.
You also visited: Ossuary.

You collected 3037 gold pieces.
You spent 920 gold pieces at shops.

Inventory:

Hand Weapons
 d - the +9 mace of Annihilation {freeze, rN++}
   (You found it on level 1 of the Spider Nest)

   It freezes those it strikes, dealing additional cold damage.
   It can also slow down cold-blooded creatures.
   rN:        It greatly protects you from negative energy.
 Q - the +9 mace of Woe (weapon) {venom, rPois rC+++ Int-3 Dex-2}
   (You found it on level 15 of the Dungeon)

   It poisons the flesh of those it strikes.
   Int:       It affects your intelligence (-3).
   Dex:       It affects your dexterity (-2).
   rC:        It renders you almost immune to cold.
   rPois:     It protects you from poison.
 W - a +2 war axe of flaming
   (You found it on level 8 of the Dungeon)
Missiles
 o - 8 curare-tipped darts
 s - 65 poisoned darts (quivered)
 B - 3 silver boomerangs
 H - 7 boomerangs
Armour
 r - a +2 buckler (worn)
   (You took it off a gnoll sergeant on level 9 of the Dungeon)
 D - a scarf of repulsion (worn)
   (You found it on level 5 of the Dungeon)
 E - the +9 ring mail of the Baleful Frog {+Blink rF++ Will+ Slay+3}
   (You found it on level 15 of the Dungeon)

   Slay:      It affects your accuracy & damage with ranged weapons and melee
   (+3).
   rF:        It greatly protects you from fire.
   +Blink:    It lets you blink.
   Will:      It increases your willpower.
 F - the +1 plate armour of the Three Youths (worn) {Int+2 Slay+3 SInv Stlth-}
   (You found it on level 6 of the Lair of Beasts)

   Int:       It affects your intelligence (+2).
   Slay:      It affects your accuracy & damage with ranged weapons and melee
   (+3).
   SInv:      It lets you see invisible.
   Stlth:     It makes you less stealthy.
 L - the +0 pair of gloves of Tisoaj (worn) {Str+4}
   (You found it on level 9 of the Dungeon)

   Str:       It affects your strength (+4).
 U - a +0 cloak of preservation
   (You took it off Maurice on level 8 of the Dungeon)
 Y - a +2 helmet (worn)
   (You found it on level 1 of the Lair of Beasts)
 Z - a +0 pair of boots (worn)
   (You found it on level 1 of the Lair of Beasts)
Jewellery
 f - a ring of flight
   (You found it on level 2 of the Lair of Beasts)
 g - a ring of protection from cold
   (You found it on level 3 of the Lair of Beasts)
 l - an amulet of the acrobat (around neck)
   (You found it on level 2 of the Dungeon)
 u - a +6 ring of dexterity (left hand)
   (You found it on level 4 of the Dungeon)
 N - the ring of Geulifad (right hand) {rPois rF+ Int+6}
   (You bought it in a shop on level 2 of the Orcish Mines)

   [ring of intelligence]

   Int:       It affects your intelligence (+6).
   rF:        It protects you from fire.
   rPois:     It protects you from poison.
 O - a ring of protection from fire
   (You found it on level 14 of the Dungeon)
 S - a ring of protection from cold
   (You took it off a kobold demonologist on level 7 of the Dungeon)
Wands
 a - a wand of paralysis (13)
   (You found it on level 13 of the Dungeon)
 p - a wand of flame (40)
   (You took it off a hobgoblin on level 3 of the Dungeon)
 q - a wand of mindburst (6)
   (You took it off Ijyb on level 3 of the Dungeon)
 C - a wand of iceblast (23)
   (You found it on level 5 of the Dungeon)
 X - a wand of acid (7)
   (You found it on level 11 of the Dungeon)
Scrolls
 c - 5 scrolls of fog
 e - 7 scrolls of enchant weapon
 m - 3 scrolls of holy word
 t - a scroll of fear
 v - 2 scrolls of teleportation
 w - 2 scrolls of vulnerability
 x - 5 scrolls of amnesia
 y - 3 scrolls of silence
 G - 4 scrolls of enchant armour
 K - 4 scrolls of blinking {unknown}
 M - a scroll of immolation
 P - a scroll of acquirement {unknown}
 R - 3 scrolls of magic mapping
Potions
 b - 3 potions of magic
 h - 10 potions of curing
 i - 3 potions of heal wounds {unknown}
 j - a potion of might {unknown}
 k - 4 potions of haste
 n - a potion of berserk rage
 z - 2 potions of mutation {unknown}
 A - 2 potions of cancellation {unknown}
 I - 2 potions of resistance {unknown}
 J - 4 potions of brilliance
 T - 4 potions of flight {unknown}
 V - 2 potions of ambrosia {unknown}


   Skills:
 - Level 10.0 Fighting
 - Level 16.0 Axes
 - Level 10.2 Throwing
 - Level 12.3 Armour
 - Level 5.3 Dodging
 + Level 8.8 Shields
 + Level 20.8 Invocations
 + Level 9.5 Evocations


You had 15 spell levels left.
You didn't know any spells.
Your spell library contained the following spells:

 Spells                   Type           Power      Damage    Failure   Level
 Beastly Appendage        Tmut           0%         N/A       88%         1
 Foxfire                  Conj/Fire      0%         2x1d4     88%         1
 Magic Dart               Conj           0%         1d3       88%         1
 Pain                     Necr           0%         1d4       88%         1
 Blink                    Tloc           N/A        N/A       96%         2
 Call Imp                 Summ           0%         N/A       96%         2
 Ensorcelled Hibernation  Hex/Ice        0%         N/A       96%         2
 Slow                     Hex            0%         N/A       96%         2
 Wereblood                Tmut           0%         N/A       96%         2
 Confusing Touch          Hex            0%         N/A       99%         3
 Conjure Flame            Conj/Fire      0%         6-21      99%         3
 Gell's Gravitas          Tloc           0%         N/A       99%         3
 Ignite Poison            Fire/Tmut/Pois 0%         N/A       99%         3
 Inner Flame              Hex/Fire       0%         N/A       99%         3
 Mephitic Cloud           Conj/Pois/Air  0%         N/A       99%         3
 Spider Form              Tmut/Pois      0%         N/A       99%         3
 Teleport Other           Tloc           0%         N/A       99%         3
 Tukima's Dance           Hex            0%         N/A       99%         3
 Flame Wave               Conj/Fire      0%         3d3       100%        4
 Hailstorm                Conj/Ice       0%         3d3       100%        4
 Ice Form                 Ice/Tmut       0%         N/A       100%        4
 Leda's Liquefaction      Hex/Erth       0%         N/A       100%        4
 Olgreb's Toxic Radiance  Pois           0%         N/A       100%        4
 Sticky Flame             Conj/Fire      0%         2d3       100%        4
 Agony                    Necr           0%         N/A       100%        5
 Alistair's Intoxication  Tmut/Pois      0%         N/A       100%        5
 Borgnjor's Vile Clutch   Necr/Erth      0%         N/A       100%        5
 Excruciating Wounds      Necr           0%         N/A       100%        5
 Fireball                 Conj/Fire      0%         3d3       100%        5
 Lee's Rapid Deconstruct  Erth           0%         3d5*      100%        5
 Manifold Assault         Tloc           0%         N/A       100%        5
 Yara's Violent Unravell  Hex/Tmut       0%         3d3       100%        5
 Dispersal                Tloc           0%         N/A       100%        6
 Eringya's Noxious Bog    Tmut/Pois      0%         N/A       100%        6
 Simulacrum               Ice/Necr       0%         N/A       100%        6
 Starburst                Conj/Fire      0%         6d3       100%        6
 Statue Form              Tmut/Erth      0%         N/A       100%        6
 Ozocubu's Refrigeration  Ice            0%         4d5       100%        7
 Storm Form               Tmut/Air       0%         N/A       100%        7
 Ignition                 Fire           0%         3d3       100%        8


Dungeon Overview and Level Annotations

Branches:
Dungeon (15/15)            Temple (1/1) D:6            Lair (6/6) D:8
 Shoals (0/4) Lair:4       Spider (4/4) Lair:4        Slime (0/5) Lair:5
    Orc (2/2) D:9             Elf (0/3) Orc:2        Vaults (0/5) D:14
 Depths (0/4) D:15        Ossuary (visited)

Altars:
Ashenzari
Cheibriados
Dithmenos
Elyvilon
Fedhas
Gozag
Hepliaklqana
Kikubaaqudgha
Makhleb
Nemelex Xobeh
Okawaru
Qazlal
Ru
Sif Muna
Trog
Uskayaw
Vehumet
Wu Jian
Xom
Yredelemnul
Zin
The Shining One
Beogh
Jiyva

Shops:
D:3 ?   D:7 *   D:14 *   Orc:2 *=:[

Portals:
Trove: D:14 (give 4 potions of resistance)

Annotations:
D:5 Eustachio
D:15 Roxanne
Lair:1 exclusion: oklob plant
Spider:4 Donald


Innate Abilities, Weirdness & Mutations

You are resistant to damage.
You can heal yourself by infusing magical energy.
You resist negative energy. (rN+)
You passively map the area around you.
You do not regenerate.


Message History

The jumping spider leaps! x2
Throw: 64 darts (poison)
Press: ? - help, Q - select action, (/) - cycle Shift-Dir - straight line, f - orb spider
Aim: an orb spider (73% to hit)
You throw a poisoned dart. The poisoned dart hits the orb spider.
You kill the jumping spider!
Throw: 63 darts (poison)
Press: ? - help, Q - select action, (/) - cycle Shift-Dir - straight line, f/p - orb spider
Aim: an orb spider (73% to hit)
You throw a poisoned dart. The poisoned dart hits the orb spider!!
The orb spider looks as sick as possible!
The orb spider spins a strand of pure energy.
Throw: 62 darts (poison)
Press: ? - help, Q - select action, (/) - cycle Shift-Dir - straight line, f/p - orb spider
Aim: an orb spider (lightly wounded, fully charged, extremely poisoned, 73% to hit)
You throw a poisoned dart.
The poisoned dart hits the jumping spider!
The jumping spider is poisoned.
Throw: 61 darts (poison)
Press: ? - help, Q - select action, (/) - cycle Shift-Dir - straight line, f/p - orb spider
Aim: an orb spider (lightly wounded, fully charged, extremely poisoned, 73% to hit)
You throw a poisoned dart.
The poisoned dart hits the jumping spider.
The jumping spider misses you. The jumping spider closely misses you.
You hit the jumping spider.
The jumping spider looks as sick as possible!
The jumping spider is moderately wounded.
The jumping spider misses you. The jumping spider closely misses you.
You thump the jumping spider!
The jumping spider is almost dead.
You kill the jumping spider!
Throw: 60 darts (poison)
Press: ? - help, Q - select action, (/) - cycle Shift-Dir - straight line, f/p - orb spider
Aim: an orb spider (severely wounded, fully charged, extremely poisoned, 73% to hit)
You throw a poisoned dart. The poisoned dart hits the orb spider!
The orb spider looks as sick as possible!
The orb spider is severely wounded.
Things that are here:
a poisoned dart; a jumping spider corpse The orb spider weaves a glowing orb of energy.
An orb of destruction comes into view.
You kill the orb spider!
The orb of destruction hits a rock wall.
You start waiting.
Done waiting.
s - 60 poisoned darts (gained 1)
You see here a jumping spider corpse.
s - 61 poisoned darts (gained 1)
s - 62 poisoned darts (gained 1)
s - 64 poisoned darts (gained 2)
s - 66 poisoned darts (gained 2)
s - 67 poisoned darts (gained 1)
Found a stone staircase leading down.
s - 68 poisoned darts (gained 1)
Found a chain mail.
You are caught in the web!
There is a web here.
You disentangle yourself.
A moth of wrath comes into view.
The moth of wrath's fur bristles in rage as it notices you.
A moth of wrath is nearby!
You throw a poisoned dart.
The poisoned dart hits the moth of wrath.
You throw a poisoned dart.
The poisoned dart hits the moth of wrath!
The moth of wrath is poisoned.
You throw a poisoned dart.
The poisoned dart hits the moth of wrath!
The moth of wrath looks as sick as possible!
You sock the moth of wrath!
The moth of wrath looks as sick as possible!
The moth of wrath is moderately wounded.
The moth of wrath barely misses you.
You bludgeon the moth of wrath!!
The moth of wrath is heavily wounded.
The moth of wrath bites you!
You sock the moth of wrath!
The moth of wrath looks as sick as possible!
The moth of wrath is almost dead.
You kill the moth of wrath!
No target in view!
s - 66 poisoned darts (gained 1)
s - 68 poisoned darts (gained 2)
An emperor scorpion is nearby!
You throw a poisoned dart.
The poisoned dart hits the emperor scorpion!
The emperor scorpion is poisoned.
You throw a poisoned dart.
The poisoned dart hits the emperor scorpion!
The emperor scorpion looks as sick as possible!
You see here a poisoned dart.
The emperor scorpion evades a web.
You blink.
The emperor scorpion is caught in a web!
You hit the emperor scorpion but do no damage.
The emperor scorpion looks even sicker.
The emperor scorpion is lightly wounded.
The emperor scorpion pulls away from the web.
You sock the emperor scorpion!
The emperor scorpion is moderately wounded.
You block the emperor scorpion's attack. x2
The emperor scorpion claws you.
You hit the emperor scorpion.
The emperor scorpion is moderately wounded.
You blink.
You throw a poisoned dart.
The poisoned dart hits the emperor scorpion!
The emperor scorpion looks as sick as possible!
The emperor scorpion is moderately wounded.
You throw a boomerang.
The boomerang hits the emperor scorpion!
The emperor scorpion is moderately wounded.
You throw a boomerang.
The boomerang hits the emperor scorpion but does no damage.
The emperor scorpion is heavily wounded.
Okay, then.
You throw a boomerang.
The boomerang barely misses the emperor scorpion.
You blink.
You throw a boomerang.
The boomerang misses the emperor scorpion.
You throw a boomerang.
The boomerang closely misses the emperor scorpion.
You throw a boomerang.
The boomerang hits the emperor scorpion but does no damage.
The emperor scorpion is heavily wounded.
You throw a boomerang.
The boomerang hits the emperor scorpion!!
The emperor scorpion is severely wounded.
You blink.
You throw a boomerang.
The boomerang hits the emperor scorpion but does no damage.
The emperor scorpion is severely wounded.
You throw a boomerang.
The boomerang hits the emperor scorpion!!
The emperor scorpion is almost dead.
You blink.
The emperor scorpion falls through a shaft!
The shaft crumbles and collapses.
No target in view!
Magic restored.
s - 66 poisoned darts (gained 1)
s - 67 poisoned darts (gained 1)
You are caught in the web!
There is a web here.
You disentangle yourself.
You see here 9 bolts.
Key pressed, stopping explore.
You are caught in the web!
There is a web here.
You disentangle yourself.
There is an escape hatch in the ceiling here.
You see here a +0 quarterstaff.
Key pressed, stopping explore.
Found a ring mail.
You set off the alarm!
A sentinel's mark forms upon you.
(D) Dungeon (T) Temple (L) Lair (A) Shoals (N) Spider Nest (M) Slime Pits (O) Orcish Mines (E) Elven Halls (V) Vaults (U) Depths
Where to? (Enter - Spider:3, ? - help)
You see here a +0 ring mail.
You see here a +0 chain mail.
You are caught in the web!
There is a web here.
You disentangle yourself.
The sentinel's mark upon you fades away.
There is a stone staircase leading up here.
You climb upwards.
There is a stone staircase leading down here.
You climb downwards.
There is a stone staircase leading up here.
You are caught in the web!
There is a web here.
You disentangle yourself.
You are caught in the web!
There is a web here.
You disentangle yourself.
You now have 2105 gold pieces (gained 15).
Key pressed, stopping explore.
You pick your way through the web.
There is a web here.
You are caught in the web!
There is a web here.
You disentangle yourself.
You are caught in the web!
There is a web here.
Key pressed, stopping explore.
You disentangle yourself.
There is a stone staircase leading down here.
You are caught in the web!
There is a web here.
You struggle to detach yourself from the web.
You disentangle yourself.
Key pressed, stopping explore.
You are caught in the web!
There is a web here.
You disentangle yourself.
You pick your way through the web.
There is a web here.
You are caught in the web!
There is a web here.
You disentangle yourself.
Done exploring.
Done exploring.
Done exploring.
Done exploring.
(D) Dungeon (T) Temple (L) Lair (A) Shoals (N) Spider Nest (M) Slime Pits (O) Orcish Mines (E) Elven Halls (V) Vaults (U) Depths
Where to? (Enter - Spider:2, ? - help)
You see here a +0 ring mail.
You see here a +0 chain mail.
You see here a +0 quarterstaff.
There is a stone staircase leading down here.
You climb downwards.
There is a stone staircase leading up here.
There is a stone staircase leading up here.
A redback comes into view.
A redback is nearby!
A redback is nearby!
You throw a boomerang.
The boomerang closely misses the redback.
An entropy weaver comes into view.
You are caught in the web!
There is a web here.
You disentangle yourself.
There is a stone staircase leading up here.
You throw a boomerang. The boomerang hits the redback!!
The redback is severely wounded.
You throw a boomerang. The boomerang hits the redback.
The redback is almost dead.
You throw a boomerang. The boomerang hits the redback.
The redback is almost dead.
A redback comes into view.
The redback bites you but does no damage.
The redback moves out of view.
You throw a boomerang.
The boomerang barely misses the redback.
You block the redback's attack.
The redback bites you but does no damage.
You throw a boomerang. The boomerang hits the redback!!
You kill the redback!
An entropy weaver comes into view.
You throw a boomerang. The entropy weaver shouts!
The boomerang hits the entropy weaver!
The entropy weaver is lightly wounded.
The entropy weaver gestures at you while chanting.
The entropic weave corrodes you!
You throw a boomerang.
The boomerang closely misses the entropy weaver.
You throw a boomerang.
The boomerang hits the entropy weaver but does no damage.
The entropy weaver is lightly wounded.
There is a stone staircase leading up here.
Throw: 67 darts (poison)
Press: ? - help, Q - select action, (/) - cycle Shift-Dir - straight line, f/p - entropy weaver
Aim: an entropy weaver (lightly wounded, 65% to hit)
You throw a poisoned dart.
The poisoned dart hits the entropy weaver!!
The entropy weaver looks as sick as possible!
The entropy weaver is lightly wounded.
Throw: 66 darts (poison)
Press: ? - help, Q - select action, (/) - cycle Shift-Dir - straight line, f/p - entropy weaver
Aim: an entropy weaver (lightly wounded, extremely poisoned, 65% to hit)
You throw a poisoned dart.
The poisoned dart hits the entropy weaver!
The entropy weaver looks as sick as possible!
The entropy weaver is lightly wounded.
Unknown command.
You throw a boomerang.
The boomerang barely misses the entropy weaver.
The entropy weaver is caught in a web!
The entropy weaver struggles to get unstuck from the web.
You climb upwards.
There is a stone staircase leading down here.
You climb downwards.
The entropy weaver completely misses you.
The entropy weaver hits you but does no damage.
The entropy weaver hits you! You block the entropy weaver's attack.
The entropy weaver closely misses you. The entropy weaver hits you.
You block the entropy weaver's attack.
The entropy weaver hits you but does no damage.
There is a stone staircase leading up here.
You block the entropy weaver's attack. The entropy weaver hits you.
The entropy weaver hits you but does no damage.
The entropy weaver barely misses you.
You climb upwards.
There is a stone staircase leading down here.
You fail to use your ability.
You are no longer corroded.
The entropy weaver hits you!
The entropy weaver hits you but does no damage. x2
The entropy weaver closely misses you.
You blink.
Throw: 8 boomerangs
Press: ? - help, Q - select action, (/) - cycle Shift-Dir - straight line, f - entropy weaver
Aim: an entropy weaver (moderately wounded, very poisoned, 65% to hit)
You throw a boomerang.
The boomerang barely misses the entropy weaver.
Throw: 7 boomerangs
Press: ? - help, Q - select action, (/) - cycle Shift-Dir - straight line, f/p - entropy weaver
Aim: an entropy weaver (moderately wounded, very poisoned, 65% to hit)
You throw a boomerang. The boomerang hits the entropy weaver!
The entropy weaver is severely wounded.
Throw: 7 boomerangs
Press: ? - help, Q - select action, (/) - cycle Shift-Dir - straight line, f/p - entropy weaver
Aim: an entropy weaver (severely wounded, very poisoned, 65% to hit)
You throw a boomerang.
The boomerang closely misses the entropy weaver.
You sock the entropy weaver!
The entropy weaver looks as sick as possible!
The entropy weaver is severely wounded.
You block the entropy weaver's attack. x2
The entropy weaver hits you but does no damage. x3
The entropy weaver closely misses you.
The entropy weaver hits you but does no damage. x2
You hit the entropy weaver but do no damage.
The entropy weaver looks as sick as possible!
The entropy weaver is almost dead.
You block the entropy weaver's attack. The entropy weaver hits you.
The entropy weaver misses you.
The entropy weaver hits you but does no damage.
You sock the entropy weaver!
You kill the entropy weaver!
Your Evocations skill increases to level 9!
There is a stone staircase leading down here.
You climb downwards.
There is a stone staircase leading up here.
You are healed.
You are healed.
Magic restored.
s - 66 poisoned darts (gained 1)
s - 67 poisoned darts (gained 1)
You now have 2117 gold pieces (gained 12).
Your pack is full.
You see here 2 throwing nets.
Your pack is full.
You see here 2 throwing nets.
Could not pick up an item here; shall I ignore it? [Y]es or [N]o only, please.
Could not pick up an item here; shall I ignore it?
Okay, then.
Drop what? 52/52 slots (_ for help) (? for menu, Esc to quit)
Okay, then.
Okay, then.
Unknown command.
Okay, then.
Search for what [Enter for "shie", or ? for help]? shield Unknown command.
Your pack is full.
You see here 2 throwing nets.
Your pack is full.
You see here 2 throwing nets.
Could not pick up an item here; shall I ignore it?
A deep elf knight comes into view. It is wielding a +8 lajatang.
Found a glowing dire flail and a rat skeleton.
The deep elf knight shouts!
You hear a shout!
A deep elf archer comes into view. It is wielding a +0 quarterstaff.
The deep elf knight points at you and mumbles some strange words.
The shard of ice misses you.
Throw: 9 darts (curare)
Press: ? - help, Q - select action, (/) - cycle Shift-Dir - straight line, f - deep elf knight
Aim: a deep elf knight, wielding a +8 lajatang and wearing a +1 chain mail (60% to hit)
You throw a curare-tipped dart.
The curare-tipped dart hits the deep elf knight.
The deep elf knight is poisoned.
The deep elf knight convulses.
The deep elf knight seems to slow down.
The deep elf knight is lightly wounded.
Throw: 67 darts (poison)
Press: ? - help, Q - select action, (/) - cycle Shift-Dir - straight line, f/p - deep elf knight
Aim: a deep elf knight, wielding a +8 lajatang and wearing a +1 chain mail (moderately wounded, very poisoned, slow, 60% to hit)
You throw a poisoned dart.
The poisoned dart hits the deep elf knight.
The deep elf knight looks even sicker.
The deep elf knight is moderately wounded.
You hit the deep elf knight.
The deep elf knight looks as sick as possible!
The deep elf knight is moderately wounded.
You hear a bark!
The deep elf knight casts a spell.
The deep elf knight seems to speed up.
You hear a trumpeting!
You miss the deep elf knight.
The deep elf knight is moderately wounded.
You block the deep elf knight's attack.
You miss the deep elf knight.
The deep elf knight is moderately wounded.
The deep elf archer unwields a +0 quarterstaff.
The deep elf archer wields a +3 longbow.
The deep elf archer shoots an arrow.
You block the arrow. You block the deep elf knight's attack.
The +9 mace of Woe {venom, rPois rC+++ Int-3 Dex-2} stops dripping with poison.
The +9 mace of Annihilation {freeze, rN++} glows with a cold blue light!
d - the +9 mace of Annihilation (weapon)
{freeze, rN++} You barely miss the deep elf knight.
The deep elf knight is heavily wounded.
The deep elf archer shoots an arrow.
The arrow barely misses you.
The deep elf knight mumbles some strange words.
The deep elf knight flickers and vanishes!
Deactivating autopickup; reactivate with Ctrl-A.
You completely miss something.
You hear a bark!
The deep elf archer shoots an arrow.
You block the arrow.
A hell hound comes into view.
Something hits you!!
Aiming: Iceblast
Press: ? - help, Shift-Dir - straight line, f - deep elf archer
Aim: a deep elf archer, wielding a +3 longbow, wearing a +2 robe and quivering arrows (repelling missiles)
The mass of ice explodes!
The iceblast engulfs something.
The iceblast engulfs you.
The iceblast engulfs the deep elf archer!!
The deep elf archer is heavily wounded.
The iceblast engulfs the hell hound!!
The hell hound is frozen!
The hell hound is almost dead.
You hear a shout!
You hear an angry hiss.
The deep elf archer shoots an arrow.
The arrow closely misses you. Something hits you!
Aiming: Iceblast
Press: ? - help, Shift-Dir - straight line, f/p - deep elf archer
Aim: a deep elf archer, wielding a +3 longbow, wearing a +2 robe and quivering arrows (heavily wounded, repelling missiles)
The mass of ice explodes!
The iceblast engulfs something!!
Reactivating autopickup.
You feel a bit more experienced. The iceblast engulfs you!
The iceblast engulfs the deep elf archer!
The deep elf archer is severely wounded.
The iceblast engulfs the hell hound!!
The hell hound is frozen!
You kill the hell hound!
You hear a hideous shriek!
You hear an angry hiss.
The deep elf archer shoots an arrow.
You block the arrow.
You hear a trumpeting!
The deep elf archer unwields a +3 longbow.
The deep elf archer wields a +0 quarterstaff.
The deep elf archer misses you.
You sock the deep elf archer! You freeze the deep elf archer.
The deep elf archer is almost dead.
The deep elf archer gestures at you while chanting.
You resist with almost no effort.
You hit the deep elf archer. You freeze the deep elf archer.
The deep elf archer is almost dead.
The deep elf archer gestures wildly while chanting.
The deep elf archer blinks!
Throw: 66 darts (poison)
Press: ? - help, Q - select action, (/) - cycle Shift-Dir - straight line, f/p - deep elf archer
Aim: a deep elf archer, wielding a +0 quarterstaff, wearing a +2 robe and quivering arrows (almost dead, repelling missiles, 26% to hit)
You throw a poisoned dart.
The poisoned dart closely misses the deep elf archer.
Throw: 65 darts (poison)
Press: ? - help, Q - select action, (/) - cycle Shift-Dir - straight line, f/p - deep elf archer
Aim: a deep elf archer, wielding a +0 quarterstaff, wearing a +2 robe and quivering arrows (almost dead, repelling missiles, 26% to hit)
You throw a poisoned dart.
The poisoned dart barely misses the deep elf archer.
Throw: 64 darts (poison)
Press: ? - help, Q - select action, (/) - cycle Shift-Dir - straight line, f/p - deep elf archer
Aim: a deep elf archer, wielding a +0 quarterstaff, wearing a +2 robe and quivering arrows (almost dead, repelling missiles, 26% to hit)
You throw a poisoned dart.
The poisoned dart hits the deep elf archer!!
The deep elf archer is poisoned.
The deep elf archer is almost dead.
You kill the deep elf archer!
You are healed.
You are healed.
You are healed.
You are healed.
You start removing your armour.
You continue taking off the +9 ring mail of the Baleful Frog {+Blink rF++ Will+ Slay+3}. x4
You finish taking off the +9 ring mail of the Baleful Frog {+Blink rF++ Will+ Slay+3}.
A redback comes into view.
You barely miss the redback. You block the redback's attack.
A redback comes into view.
You bludgeon the redback!! You freeze the redback.
The redback is almost dead.
You block the redback's attack.
A tarantella comes into view.
The redback barely misses you.
You barely miss the redback.
The redback is almost dead.
The tarantella hisses angrily.
The redback bites you but does no damage.
You hit the redback. You freeze the redback.
The redback is moderately wounded.
You block the redback's attack. The redback closely misses you.
The redback misses you.
The +9 mace of Annihilation {freeze, rN++} stops glowing.
You feel stupid.
You feel clumsy.
The +9 mace of Woe {venom, rPois rC+++ Int-3 Dex-2} begins to drip with poison!
Q - the +9 mace of Woe (weapon)
{venom, rPois rC+++ Int-3 Dex-2} The redback barely misses you.
The redback bites you but does no damage.
You barely miss the redback.
The redback is moderately wounded.
The redback bites you! The redback closely misses you. The redback bites you!
The tarantella touches the fungus!
The fungus begins to die.
The fungus appears confused.
The redback barely misses you.
You sock the redback!
You kill the redback!
You barely miss the tarantella. The redback misses you.
You block the redback's attack.
You hit the redback.
The redback is poisoned.
The redback is moderately wounded.
A nearby fungus withers and dies.
The redback completely misses you. The redback barely misses you.
You sock the redback!
The redback is poisoned.
The redback is severely wounded.
The redback bites you! The redback bites you.
A dire elephant comes into view.
You closely miss the redback.
The redback is heavily wounded.
You kill the redback!
The redback bites you!
You are poisoned.
The redback poisons you! The redback barely misses you.
The tarantella touches you.
You closely miss the tarantella.
You feel extremely sick. The redback bites you. The tarantella touches you.
You are confused.
You feel better. You block the redback's attack.
You block the tarantella's attack. The redback barely misses you.
The tarantella touches you.
You hear a trumpeting!
You thump the tarantella!
The tarantella is moderately wounded.
The tarantella touches you. The redback bites you!
* * * LOW HITPOINT WARNING * * *
You sock the tarantella!
The tarantella is poisoned.
The tarantella is almost dead.
You kill the tarantella!
The redback bites you!
* * * LOW HITPOINT WARNING * * *
You hit the redback.
You kill the redback!
There is a stone staircase leading up here.
You start putting on your armour.
You continue putting on the +1 plate armour of the Three Youths {Int+2 Slay+3 SInv Stlth-}. x4
You finish putting on the +1 plate armour of the Three Youths {Int+2 Slay+3 SInv Stlth-}.
You feel clever.
You start waiting.
Done waiting.
You are healed.
You are healed.
You are healed.
You are healed.
You are healed.
You are healed.
Magic restored.
Key pressed, stopping explore.
Things that are here:
a redback corpse; a redback corpse A redback comes into view.
The redback moves out of view.
Things that are here:
a +8 lajatang; a +1 chain mail; an elf skeleton The dire elephant trumpets!
You hear a trumpeting!
The redback bites you but does no damage.
The redback closely misses you.
Things that are here:
a poisoned dart; a hell hound skeleton You sock the redback!
The redback is moderately wounded.
The redback closely misses you.
A dire elephant comes into view.
You hit the redback but do no damage.
The redback is poisoned.
The redback is moderately wounded.
The redback bites you. The redback barely misses you.
Things that are here:
a +8 lajatang; a +1 chain mail; an elf skeleton No target in view!
You sock the dire elephant!
The dire elephant is lightly wounded.
The dire elephant tramples you but does no damage.
You block the dire elephant's attack.
You sock the dire elephant!
The dire elephant looks as sick as possible!
The dire elephant is moderately wounded.
The dire elephant completely misses you.
The dire elephant trunk-slaps you but does no damage.
You block the redback's attack.
You hit the dire elephant.
The dire elephant looks as sick as possible!
The dire elephant is moderately wounded.
You hit the dire elephant but do no damage.
The dire elephant looks as sick as possible!
The dire elephant is moderately wounded.
The dire elephant completely misses you.
The dire elephant trunk-slaps you but does no damage.
The redback looks more healthy.
The redback bites you!
You hit the dire elephant.
The dire elephant is lightly wounded.
You block the dire elephant's attack.
The dire elephant trunk-slaps you but does no damage.
You hit the dire elephant.
The dire elephant is poisoned.
The dire elephant is lightly wounded.
You block the dire elephant's attack. x2
You hit the dire elephant but do no damage.
The dire elephant looks even sicker.
The dire elephant is lightly wounded.
You block the dire elephant's attack.
The dire elephant trunk-slaps you but does no damage.
You sock the dire elephant!
The dire elephant looks as sick as possible!
The dire elephant is lightly wounded.
The dire elephant tramples you.
You stumble backwards!
You see here 2 throwing nets.
You sock the dire elephant!
The dire elephant is moderately wounded.
The dire elephant tramples you!!
You hold your ground!
The dire elephant closely misses you.
You sock the dire elephant!
The dire elephant looks as sick as possible!
The dire elephant is heavily wounded.
You block the dire elephant's attack. The dire elephant barely misses you.
The dire elephant barely misses you. You block the dire elephant's attack.
You thump the dire elephant!
The dire elephant looks as sick as possible!
The dire elephant is severely wounded.
The redback bites you but does no damage.
The dire elephant tramples you!
You stumble backwards!
You thump the dire elephant!
The dire elephant looks as sick as possible!
The dire elephant is almost dead.
The dire elephant tramples you!
You stumble backwards!
You sock the dire elephant!
The dire elephant looks as sick as possible!
The dire elephant is almost dead.
The dire elephant tramples you but does no damage.
The dire elephant trunk-slaps you but does no damage.
The dire elephant evades a web.
You hit the dire elephant but do no damage.
The dire elephant looks as sick as possible!
The dire elephant is almost dead.
You kill the dire elephant!
The dire elephant tramples you.
You hold your ground!
You block the dire elephant's attack.
You barely miss the redback.
The redback is heavily wounded.
The redback misses you.
You sock the redback!
The redback is poisoned.
The redback is almost dead.
You kill the redback!
You hit the dire elephant but do no damage.
The dire elephant looks even sicker.
The dire elephant is heavily wounded.
The dire elephant barely misses you.
The dire elephant trunk-slaps you but does no damage.
You hit the dire elephant but do no damage.
The dire elephant looks as sick as possible!
The dire elephant is heavily wounded.
The dire elephant tramples you!
* * * LOW HITPOINT WARNING * * *
You hold your ground!
You block the dire elephant's attack.
You hit the dire elephant.
The dire elephant looks as sick as possible!
The dire elephant is heavily wounded.
The dire elephant tramples you but does no damage.
The dire elephant trunk-slaps you but does no damage.
You sock the dire elephant!
The dire elephant looks as sick as possible!
The dire elephant is severely wounded.
You block the dire elephant's attack.
The dire elephant trunk-slaps you but does no damage.
You hit the dire elephant but do no damage.
The dire elephant looks as sick as possible!
The dire elephant is severely wounded.
The dire elephant tramples you but does no damage.
The dire elephant trunk-slaps you!
* * * LOW HITPOINT WARNING * * *
The dire elephant evades a web.
There is a stone staircase leading up here.
The dire elephant tramples you.
* * * LOW HITPOINT WARNING * * *
You stumble backwards!
You stop ascending the stairs.
You hit the dire elephant.
The dire elephant is almost dead.
You block the dire elephant's attack. The dire elephant closely misses you.
You bludgeon the dire elephant!!
You kill the dire elephant!
There is a stone staircase leading up, spattered with blood here.
You see here a dire elephant corpse.
You are healed.
You are healed.
You are healed.
You are healed.
You are healed.
You see here a redback corpse.
An orb spider comes into view.
You throw a poisoned dart. The poisoned dart hits the orb spider!
The orb spider is poisoned.
The orb spider is moderately wounded.
The orb spider spins a strand of pure energy.
You see here 2 throwing nets.
You see here a poisoned dart.
You throw a poisoned dart. The poisoned dart hits the orb spider!
The orb spider looks even sicker.
The orb spider is heavily wounded.
You throw a poisoned dart.
The poisoned dart closely misses the orb spider.
You see here a poisoned dart.
You are caught in the web!
You feel a bit more experienced.
There is a web here.
You disentangle yourself.
s - 61 poisoned darts (gained 1)
s - 62 poisoned darts (gained 1)
s - 63 poisoned darts (gained 1)
A tarantella comes into view.
The tarantella hisses angrily.
Things that are here:
a +8 lajatang; a +1 chain mail; an elf skeleton You throw a poisoned dart.
The poisoned dart hits the tarantella!
The tarantella is poisoned.
You throw a poisoned dart.
The poisoned dart closely misses the tarantella.
Things that are here:
a poisoned dart; a hell hound skeleton You throw a poisoned dart.
The poisoned dart hits the tarantella!!
The tarantella looks as sick as possible!
The tarantella is lightly wounded.
You block the tarantella's attack.
You bludgeon the tarantella!!
The tarantella looks as sick as possible!
The tarantella is almost dead.
You kill the tarantella!
No target in view!
s - 61 poisoned darts (gained 1)
You see here a hell hound skeleton.
A redback comes into view.
You throw a poisoned dart.
The poisoned dart barely misses the redback.
You throw a poisoned dart. The poisoned dart hits the redback!!
The redback is poisoned.
You throw a poisoned dart. The poisoned dart hits the redback.
The redback looks as sick as possible!
The redback is moderately wounded.
A redback is nearby!
The redback barely misses you.
You closely miss the redback.
The redback is almost dead.
You kill the redback!
No target in view!
s - 59 poisoned darts (gained 1)
You see here a tarantella corpse.
s - 60 poisoned darts (gained 1)
Items here: ( )) [.
s - 64 poisoned darts (gained 4)
s - 65 poisoned darts (gained 1)
s - 66 poisoned darts (gained 1)
A redback is nearby!
You throw a poisoned dart. The poisoned dart hits the redback!
The redback is poisoned.
No target in view!
A tarantella comes into view.
The tarantella hisses angrily.
There are monsters nearby!
You thump the redback!
The redback looks as sick as possible!
The redback is severely wounded.
The redback bites you but does no damage.
The redback bites you.
You bludgeon the redback!!
You kill the redback!
The tarantella misses you. You block the tarantella's attack.
You barely miss the tarantella. The tarantella touches you.
You hit the tarantella.
The tarantella is poisoned.
The tarantella is moderately wounded.
The tarantella touches you but does no damage.
You bludgeon the tarantella!!
You kill the tarantella!
No target in view!
(D) Dungeon (T) Temple (L) Lair (A) Shoals (N) Spider Nest (M) Slime Pits (O) Orcish Mines (E) Elven Halls (V) Vaults (U) Depths
Where to? (Enter - Spider:4 @ (x,y), ? - help)
You see here a tarantella corpse.
You see here a hell hound skeleton.
Things that are here:
a +8 lajatang; a +1 chain mail; an elf skeleton You see here a dire elephant corpse.
You see here a redback corpse.
There is a stone staircase leading up, spattered with blood here.
You see here a dire elephant corpse.
You climb upwards.
There is a stone staircase leading down here.
There is a stone staircase leading down here.
You climb downwards.
The demonic crawler gives a hideous shriek!
The tarantella hisses angrily. x2; The jumping spider hisses angrily.
You hear an angry hiss.
A redback comes into view.
A demonic crawler comes into view.
An orb spider comes into view.
The redback moves out of view.
Found an emerald potion.
There is a stone staircase leading up here.
The demonic crawler gives a hideous shriek!
You hit the jumping spider.
The jumping spider is poisoned.
The jumping spider is lightly wounded.
You hear an angry hiss.
You hear a shout!
You hear an angry hiss.
You block the jumping spider's attack. x2
Donald the Adventurer comes into view.
He is wielding a +2 vorpal broad axe, wearing a +8 plate armour of ponderousness and wearing a +0 kite shield of reflection.
You block the jumping spider's attack. x2
You barely miss the jumping spider.
The jumping spider is lightly wounded.
You block the tarantella's attack.
Donald gestures wildly while chanting.
Donald seems to grow stronger.
The jumping spider leaps!
The tarantella touches you!
You are confused.
The jumping spider leaps!
The demonic crawler barely misses you. The demonic crawler misses you.
The demonic crawler closely misses you.
The tarantella touches you but does no damage.
The orb spider begins to weave its threads into a brightly glowing ball.
You climb upwards.
There is a stone staircase leading down here.
You feel better. You block the demonic crawler's attack.
The demonic crawler hits you! The demonic crawler barely misses you.
You block the tarantella's attack.
The demonic crawler hits you but does no damage.
The demonic crawler hits you.
The demonic crawler hits you but does no damage.
The tarantella touches you!
You are confused.
You bump into the rock wall.
You feel less confused. The tarantella closely misses you.
The demonic crawler hits you but does no damage.
The demonic crawler hits you. The demonic crawler closely misses you.
The tarantella barely misses you.
You sock the tarantella!
The tarantella looks as sick as possible!
The tarantella is heavily wounded.
The tarantella touches you but does no damage.
You closely miss the tarantella.
The tarantella is severely wounded.
The tarantella barely misses you.
You sock the tarantella!
You kill the tarantella!
You sock the demonic crawler!
The demonic crawler is poisoned.
The demonic crawler is lightly wounded.
The demonic crawler barely misses you.
The demonic crawler hits you but does no damage. x2
You barely miss the demonic crawler.
The demonic crawler is lightly wounded.
The demonic crawler hits you but does no damage. x2
The demonic crawler hits you.
You sock the demonic crawler!
The demonic crawler is moderately wounded.
The demonic crawler hits you but does no damage.
The demonic crawler hits you. You block the demonic crawler's attack.
You hit the demonic crawler but do no damage.
The demonic crawler looks as sick as possible!
The demonic crawler is moderately wounded.
You block the demonic crawler's attack.
The demonic crawler hits you but does no damage. x2
You hit the demonic crawler.
The demonic crawler is heavily wounded.
The demonic crawler hits you but does no damage. x2
The demonic crawler closely misses you. You block the demonic crawler's attack.
The demonic crawler hits you but does no damage.
The demonic crawler hits you.
You hit the demonic crawler.
The demonic crawler is heavily wounded.
The demonic crawler hits you.
The demonic crawler hits you but does no damage. x2
You sock the demonic crawler!
The demonic crawler is severely wounded.
The demonic crawler hits you. x2; You block the demonic crawler's attack.
You sock the demonic crawler!
The demonic crawler is almost dead.
The demonic crawler barely misses you. The demonic crawler closely misses you.
The demonic crawler hits you but does no damage.
You are healed.
The demonic crawler hits you but does no damage.
You block the demonic crawler's attack. x2
The demonic crawler hits you but does no damage. x2
The demonic crawler barely misses you.
You are healed.
The demonic crawler hits you but does no damage.
You block the demonic crawler's attack. x2
You hit the demonic crawler but do no damage.
The demonic crawler is almost dead.
The demonic crawler barely misses you.
The demonic crawler hits you but does no damage. x2
You hit the demonic crawler but do no damage.
The demonic crawler is almost dead.
You block the demonic crawler's attack.
The demonic crawler hits you but does no damage.
You block the demonic crawler's attack.
You barely miss the demonic crawler.
The demonic crawler is almost dead.
You block the demonic crawler's attack. The demonic crawler hits you.
The demonic crawler hits you but does no damage.
You hit the demonic crawler but do no damage.
The demonic crawler is almost dead.
The demonic crawler hits you but does no damage.
You block the demonic crawler's attack.
The demonic crawler hits you but does no damage. x2
You block the demonic crawler's attack. x2
You sock the demonic crawler!
You kill the demonic crawler!
There is a stone staircase leading down, spattered with blood here.
Things that are here:
a demonic crawler corpse; a tarantella corpse You are healed.
Unknown command.
Magic restored.
You pick your way through the web.
There is a web here.
There is a stone staircase leading down here.
You climb downwards.
Level annotation: Donald The entropy weaver shouts!
The hornet buzzes angrily.
The jumping spider hisses angrily.
The entropy weaver shouts!
A redback comes into view.
The entropy weaver points at you and mumbles some strange words.
The entropic weave corrodes you!
The jumping spider leaps!
The hornet stings you but does no damage.
The entropy weaver casts a spell at you.
The entropic weave corrodes you! You block the jumping spider's attack.
The jumping spider completely misses you.
Found a scroll of vulnerability.
There is a stone staircase leading up here.
The redback bites you but does no damage.
The redback bites you. The hornet closely misses you.
The jumping spider pounces on you but does no damage.
The jumping spider bites you but does no damage.
You block the redback's attack.
You climb upwards.
There is a stone staircase leading down here.
You closely miss the redback.
The redback bites you but does no damage.
The hornet barely misses you. You block the jumping spider's attack.
The jumping spider bites you. The redback bites you!
You are poisoned.
The redback poisons you!
The redback bites you but does no damage.
You block the hornet's attack.
You sock the jumping spider!
The jumping spider is poisoned.
The jumping spider is heavily wounded.
You feel extremely sick. The jumping spider barely misses you.
The jumping spider bites you. The redback bites you.
You are more poisoned.
The redback poisons you! You block the redback's attack. The hornet stings you!
You feel yourself slow down.
The jumping spider pounces on you but does no damage.
The jumping spider bites you but does no damage.
The redback bites you!
You barely miss the redback.
You feel extremely sick. The redback completely misses you.
The hornet stings you!
* * * LOW HITPOINT WARNING * * *
The jumping spider pounces on you!
* * * LOW HITPOINT WARNING * * *
You are caught in a web!
The jumping spider bites you but does no damage.
The redback bites you!
* * * LOW HITPOINT WARNING * * *
The redback closely misses you.
The hornet stings you but does no damage.
The jumping spider leaps!
The redback bites you but does no damage.
Okay, then.
You feel purified!
You kill the jumping spider!
The redback bites you!
* * * LOW HITPOINT WARNING * * *
The hornet stings you!
* * * LOW HITPOINT WARNING * * *
The redback bites you but does no damage.
The redback bites you!
* * * LOW HITPOINT WARNING * * *
The hornet stings you!
* * * LOW HITPOINT WARNING * * *
You feel yourself slow down. The redback barely misses you.
Okay, then.
You beseech Elyvilon to protect your life.
The redback bites you but does no damage.
The hornet stings you but does no damage.
The redback bites you.
You are poisoned.
The redback poisons you!
The redback bites you but does no damage.
The hornet barely misses you. The redback bites you.
* * * LOW HITPOINT WARNING * * *
You are lethally poisoned!
The redback poisons you! The redback bites you!
* * * LOW HITPOINT WARNING * * *
The hornet stings you.
* * * LOW HITPOINT WARNING * * *
As you read the scroll of fear, it crumbles to dust.
You assume a fearsome visage.
The redback looks frightened!
The redback resists with some effort.
The hornet looks frightened!
You feel yourself speed up.
You can no longer call upon Elyvilon for divine vigour.
Elyvilon protects you from harm! The redback barely misses you.
The redback bites you but does no damage.
As you read the scroll of teleportation, it crumbles to dust.
You feel strangely unstable.
You die...

#.....###.........^........###
#....^# ##.....##....^##......
#.....# ##..#..#..#.#.#......
##..^.### #####.#.#.###.......
#####.###.#### ##.#.##....^....
#.######<#...######.##..........
##..###.......s.###.####........
#..#^..<.........##.# ##.##.###
#####.........s@^#######.####.#
##.............###.#...## #.##
#..............##.####.######.#
##.........y(.#...## ####......
#..............#..####^.......
#...........##.#....###.......
####^........##.#.....##.......
#^###.....#.†.^..^.....#.#.....
#.###......#####.........##....


You could see a hornet (fleeing) and 2 redbacks.

Vanquished Creatures
  Arachne (Spider:1)
  A frost giant (D:15)
  2 emperor scorpions
  An orc warlord (Orc:1)
  Nessos (D:12)
  2 dire elephants (Spider:4)
  5 entropy weavers
  2 spark wasps (Spider:3)
  2 vault guards (D:14)
  Fannar (D:12)
  9 hydras
  9 centaur warriors
  5 boulder beetles
  2 catoblepae
  2 two-headed ogres
  3 tengu warriors (D:15)
  5 orc high priests
  A deep elf knight (Spider:4)
  A skeletal warrior (D:13)
  Pikel (D:8)
  A deep elf archer (Spider:4)
  A wizard (D:14)
  A necromancer (D:14)
  5 orc knights
  4 deep elf pyromancers
  10 orb spiders
  A faun (shapeshifter) (D:15)
  8 cyclopes
  3 manticores
  4 orc sorcerers (Orc:2)
  19 wolf spiders
  2 moths of wrath
  14 ugly things
  10 elephants
  A merfolk siren (Lair:4)
  8 black mambas
  Maurice (D:8)
  6 cane toads
  2 gargoyles
  4 unseen horrors
  Psyche (D:12)
  A torpor snail (Spider:2)
  2 rime drakes
  A kobold demonologist (D:7)
  10 komodo dragons
  14 demonic crawlers
  2 efreet (D:13)
  7 trolls
  20 jumping spiders
  11 polar bears
  14 blink frogs
  Prince Ribbit (D:8)
  A raiju (Lair:6)
  7 slime creatures
  A meliai zombie (D:11)
  6 dream sheep (Lair:6)
  A vampire (D:10)
  33 redbacks
  A shadow (D:6)
  23 tarantellas
  45 yaks
  5 wyverns
  3 hogs (D:12)
  2 basilisks
  4 wraiths
  20 humans
  12 vampire mosquitoes
  10 wargs
  15 hell hounds
  15 water moccasins
  20 orc warriors
  2 sky beasts (D:7)
  13 black bears
  A necrophage (D:6)
  11 ogres
  36 wolves
  11 centaurs
  An elf zombie (D:5)
  6 kobold brigands
  10 bullfrogs
  4 gnoll sergeants (D:9)
  2 scorpions
  A wyvern zombie (D:7)
  A water moccasin skeleton (D:6)
  21 killer bees
  8 howler monkeys
  A lava snake (D:10)
  4 centaur zombies
  17 orc priests
  5 hounds
  A centaur skeleton (D:6)
  A gnoll shaman (D:10)
  Ijyb (D:3)
  Natasha (twice) (D:2)
  2 human skeletons (D:5)
  An iguana (D:4)
  12 orc wizards
  A killer bee zombie (D:8)
  A howler monkey zombie (D:6)
  8 mummies (Ossuary)
  A howler monkey skeleton (D:6)
  10 gnolls
  7 adders
  2 river rats (D:5)
  A shadow imp (D:5)
  2 white imps
  3 ufetubi
  2 worms
  55 orcs
  9 endoplasms
  3 giant cockroaches
  2 gnoll zombies (Ossuary)
  7 goblins
  6 hobgoblins
  12 jackals
  A quokka (D:1)
  7 ball pythons
  4 bats
  A frilled lizard (D:1)
  16 kobolds
  A kobold zombie (Ossuary)
  An orc skeleton (D:5)
  7 orc zombies
  5 rats
819 creatures vanquished.

Vanquished Creatures (others)
  31 fungi
  71 plants
102 creatures vanquished.

Grand Total: 921 creatures vanquished

Notes
Turn   | Place    | Note
-------+----------+-------------------------------------------
     0 | D:1      | sleeves the Deep Dwarf Gladiator began the quest for the
                  | Orb.
     0 | D:1      | Reached XP level 1. HP: 19/19 MP: 1/1
   163 | D:1      | Reached skill level 4 in Axes
   163 | D:1      | Reached XP level 2. HP: 21/26 MP: 2/2
   593 | D:2      | Noticed a howler monkey
   651 | D:2      | HP: 13/26 [hobgoblin (3)]
   656 | D:2      | HP: 9/26 [kobold (2)]
   730 | D:2      | Reached XP level 3. HP: 29/32 MP: 3/3
   815 | D:2      | Reached skill level 5 in Axes
   815 | D:2      | Reached XP level 4. HP: 24/39 MP: 4/4
   924 | D:2      | Noticed Natasha
   930 | D:2      | HP: 15/39 [Natasha (6)]
   931 | D:2      | Killed Natasha
   995 | D:2      | Noticed Natasha
  1002 | D:2      | Killed Natasha
  1003 | D:2      | Reached skill level 6 in Axes
  1287 | D:3      | Found a radiant altar of Vehumet.
  1379 | D:3      | Noticed a scorpion
  1387 | D:3      | Killed a scorpion
  1388 | D:3      | Reached XP level 5. HP: 32/45 MP: 5/5
  1436 | D:3      | Noticed Ijyb
  1445 | D:3      | HP: 21/45 [Ijyb (2)]
  1448 | D:3      | Killed Ijyb
  1449 | D:3      | Reached skill level 7 in Axes
  1663 | D:3      | Found Foidyp's Magic Scroll Boutique.
  2374 | D:4      | Reached skill level 2 in Throwing
  2374 | D:4      | Reached XP level 6. HP: 42/52 MP: 6/6
  2398 | D:4      | Reached skill level 1 in Armour
  2801 | D:5      | Entered Level 5 of the Dungeon
  2852 | D:5      | Reached skill level 4 in Dodging
  2860 | D:5      | Found a sand-covered staircase.
  2881 | D:5      | Reached skill level 2 in Armour
  2881 | D:5      | Reached XP level 7. HP: 32/58 MP: 7/7
  2883 | Ossuary  | Entered an ossuary
  2931 | Ossuary  | HP: 24/58 [mummy (13)]
  2951 | Ossuary  | HP: 21/58 [mummy (16)]
  2954 | Ossuary  | HP: 1/58 [mummy (15)]
  3131 | D:5      | Reached skill level 3 in Throwing
  3151 | D:5      | HP: 28/58 [killer bee (3)]
  3156 | D:5      | HP: 20/58 [killer bee (3)]
  3163 | D:5      | HP: 13/58 [killer bee (3)]
  3172 | D:5      | HP: 9/87 [killer bee (3)]
  3181 | D:5      | Reached skill level 3 in Armour
  3645 | D:5      | Reached skill level 8 in Axes
  3971 | D:5      | HP: 28/58 [gnoll (2)]
  3980 | D:5      | HP: 19/58 [gnoll (4)]
  3997 | D:6      | Noticed Eustachio
  4094 | D:6      | HP: 26/58 [Eustachio (7)]
  4307 | D:6      | Reached skill level 5 in Dodging
  4335 | D:6      | Found a staircase to the Ecumenical Temple.
  4356 | D:6      | Reached XP level 8. HP: 58/66 MP: 5/5
  4363 | D:6      | HP: 30/66 [ogre (6)]
  4383 | Temple   | Entered the Ecumenical Temple
  4557 | Temple   | Became a worshipper of Elyvilon the Healer
  4621 | D:6      | Reached skill level 4 in Armour
  4621 | D:6      | Reached skill level 1 in Invocations
  4655 | D:6      | Reached skill level 4 in Throwing
  4744 | D:6      | Reached skill level 2 in Invocations
  4904 | D:6      | Reached * piety under Elyvilon
  5112 | D:6      | Reached skill level 3 in Invocations
  5356 | D:7      | Found a shadowy altar of Dithmenos.
  5370 | D:7      | Reached skill level 9 in Axes
  5370 | D:7      | Reached skill level 5 in Armour
  5408 | D:7      | HP: 30/66 [orc priest/divine providence (8)]
  5410 | D:7      | HP: 6/66 [orc priest/divine providence (14)]
  5428 | D:7      | HP: 20/66 [orc wizard (1)]
  5434 | D:7      | HP: 27/66 [orc priest (2)]
  5557 | D:7      | Reached skill level 4 in Invocations
  5599 | D:7      | Found Omeos's Assorted Antiques.
  5601 | D:7      | Found a broken altar of Ashenzari.
  5660 | D:7      | Gained mutation: You passively map the area around you.
                  | [Deep Dwarf growth]
  5660 | D:7      | Reached XP level 9. HP: 51/73 MP: 7/7
  5788 | D:7      | Found a stormy altar of Qazlal.
  5816 | D:7      | HP: 35/73 [killer bee (2)]
  5820 | D:7      | Reached skill level 5 in Throwing
  5824 | D:7      | Noticed a kobold demonologist
  5825 | D:7      | HP: 26/73 [howler monkey (3)]
  5834 | D:7      | HP: 18/73 [white imp/puff of frost[a kobold demonologist]
                  | (5)]
  5848 | D:7      | HP: 10/73 [kobold demonologist (3)]
  5851 | D:7      | Killed a kobold demonologist
  5852 | D:7      | Reached skill level 6 in Armour
  5852 | D:7      | Reached skill level 5 in Invocations
  5898 | D:7      | Reached ** piety under Elyvilon
  6430 | D:8      | Noticed Maurice
  6437 | D:8      | Killed Maurice
  6438 | D:8      | Reached skill level 6 in Invocations
  6468 | D:8      | Noticed Prince Ribbit
  6483 | D:8      | HP: 28/73 [Prince Ribbit (11)]
  6567 | D:8      | Found a staircase to the Lair.
  6673 | D:8      | Killed Prince Ribbit
  6674 | D:8      | Reached skill level 10 in Axes
  6674 | D:8      | Reached skill level 6 in Throwing
  6853 | D:8      | Reached skill level 7 in Armour
  6881 | D:8      | Noticed Pikel
  6898 | D:8      | HP: 32/73 [Pikel (9)]
  6903 | D:8      | HP: 26/73 [Pikel (2)]
  6907 | D:8      | Killed Pikel
  6908 | D:8      | Reached skill level 7 in Invocations
  6908 | D:8      | Reached XP level 10. HP: 25/80 MP: 7/10
  6941 | D:8      | HP: 23/80 [bullfrog (2)]
  7056 | D:8      | Found a sparkling altar of Nemelex Xobeh.
  7056 | D:8      | Found an opulent altar of Gozag.
  7392 | D:9      | Reached skill level 8 in Invocations
  7419 | D:9      | Reached skill level 7 in Throwing
  7440 | D:9      | Reached *** piety under Elyvilon
  7444 | D:9      | HP: 39/80 [orc warrior (9)]
  7492 | D:9      | Reached skill level 11 in Axes
  7608 | D:8      | Reached skill level 2 in Shields
  7677 | D:9      | Reached skill level 3 in Shields
  7722 | D:9      | Identified the +0 pair of gloves of Tisoaj {Str+4}
  7826 | D:9      | Reached skill level 4 in Shields
  7839 | D:9      | Reached skill level 2 in Fighting
  8037 | D:9      | Found a staircase to the Orcish Mines.
  8132 | D:10     | Entered Level 10 of the Dungeon
  8326 | D:10     | Reached **** piety under Elyvilon
  8464 | D:10     | Reached skill level 9 in Invocations
  8502 | D:10     | Reached XP level 11. HP: 73/88 MP: 11/11
  8549 | D:10     | Reached skill level 3 in Fighting
  8752 | D:10     | HP: 43/90 [something (4)]
  9122 | D:11     | Noticed a five-headed hydra
  9135 | D:11     | Killed a one-headed hydra
  9136 | D:11     | Reached skill level 8 in Throwing
  9395 | D:11     | Reached skill level 10 in Invocations
  9492 | D:11     | Reached skill level 4 in Fighting
  9769 | Lair:1   | Entered Level 1 of the Lair of Beasts
  9856 | Lair:1   | Reached skill level 12 in Axes
  9858 | Lair:1   | HP: 43/92 [black mamba (4)]
  9862 | Lair:1   | HP: 18/93 [wolf (6)]
 10011 | Lair:1   | HP: 26/93 [komodo dragon (21)]
 10154 | Lair:1   | Found a blossoming altar of Fedhas.
 10165 | Lair:1   | Noticed an oklob plant
 10694 | Lair:1   | Reached skill level 5 in Fighting
 10705 | Lair:2   | Reached skill level 11 in Invocations
 10880 | Lair:2   | Reached XP level 12. HP: 75/103 MP: 12/12
 11039 | Lair:2   | Reached skill level 9 in Throwing
 11187 | Lair:2   | Reached ***** piety under Elyvilon
 11767 | Lair:3   | Noticed a four-headed hydra
 11778 | Lair:3   | Killed a one-headed hydra
 11856 | Lair:3   | Reached skill level 6 in Fighting
 11877 | Lair:3   | Noticed a five-headed hydra
 11883 | Lair:3   | Killed a five-headed hydra
 11884 | Lair:3   | Reached skill level 13 in Axes
 11916 | Lair:3   | Reached skill level 12 in Invocations
 12946 | Lair:4   | Found a hole to the Spider Nest.
 13007 | Lair:4   | Reached skill level 10 in Throwing
 13011 | Lair:4   | Reached skill level 7 in Fighting
 13238 | Lair:4   | Reached skill level 13 in Invocations
 13416 | Lair:4   | Reached XP level 13. HP: 86/115 MP: 14/14
 13486 | Lair:4   | Found a staircase to the Shoals.
 13744 | Lair:5   | Reached ****** piety under Elyvilon
 13872 | Lair:5   | Reached skill level 14 in Axes
 14075 | Lair:5   | Reached skill level 8 in Fighting
 14231 | Lair:5   | Found a staircase to the Slime Pits.
 14232 | Lair:5   | Found a viscous altar of Jiyva.
 14497 | Lair:6   | Entered Level 6 of the Lair of Beasts
 15005 | Lair:6   | Reached skill level 14 in Invocations
 15119 | Lair:6   | HP: 53/118 [komodo dragon (17)]
 15602 | Lair:6   | Reached skill level 9 in Fighting
 15623 | Lair:6   | HP: 58/121 [raiju/living lightning (12)]
 15657 | Lair:6   | Reached skill level 15 in Axes
 15671 | Lair:6   | Reached skill level 15 in Invocations
 15672 | Lair:6   | HP: 45/121 [boulder beetle (19)]
 15677 | Lair:6   | HP: 37/121 [boulder beetle (11)]
 15688 | Lair:6   | HP: 18/121 [hell hound/blast of flame (19)]
 16171 | Lair:6   | Gained mutation: You resist negative energy. (rN+) [Deep
                  | Dwarf growth]
 16171 | Lair:6   | Reached XP level 14. HP: 83/129 MP: 17/17
 16179 | Lair:6   | Identified the +1 plate armour of the Three Youths {Int+2
                  | Slay+3 SInv Stlth-}
 16539 | Orc:1    | Entered Level 1 of the Orcish Mines
 17096 | Orc:2    | Entered Level 2 of the Orcish Mines
 17251 | Orc:2    | Noticed an orc warlord
 17349 | Orc:1    | Killed an orc warlord
 17952 | Orc:2    | Found a staircase to the Elven Halls.
 17975 | Orc:2    | Found Sejudwew's Assorted Antiques.
 18121 | Orc:2    | HP: 59/130 [orc knight (23)]
 18127 | Orc:2    | Reached skill level 10 in Fighting
 18346 | Orc:2    | Reached skill level 8 in Armour
 18442 | Orc:2    | Reached skill level 16 in Invocations
 18487 | Orc:2    | HP: 62/132 [orc knight (12)]
 18518 | Orc:2    | Found Dunuexkuxu's Jewellery Emporium.
 18519 | Orc:2    | Found Bosuhy's Antique Armour Boutique.
 18519 | Orc:2    | Found Tesosuar's Book Boutique.
 18539 | Orc:2    | Bought the ring of Geulifad {rPois rF+ Int+6} for 920 gold
                  | pieces
 18973 | D:12     | Reached skill level 16 in Axes
 19020 | D:12     | Noticed Nessos
 19032 | D:12     | Killed Nessos
 19041 | D:12     | Reached skill level 9 in Armour
 19157 | D:12     | Noticed Psyche
 19174 | D:12     | Killed Psyche
 19364 | D:12     | HP: 63/132 [boulder beetle (6)]
 19552 | D:12     | Noticed Fannar
 19563 | D:12     | Killed Fannar
 19588 | D:12     | Reached skill level 17 in Invocations
 19735 | D:13     | HP: 66/132 [acid (7)]
 20024 | D:13     | Reached skill level 10 in Armour
 20184 | D:13     | Reached XP level 15. HP: 105/138 MP: 19/19
 20761 | D:14     | Reached skill level 11 in Armour
 20788 | D:14     | Reached skill level 18 in Invocations
 20973 | D:14     | Found Elaix's Elemental Accessories.
 21022 | D:14     | Found a portal to a secret trove of treasure.
 21438 | D:14     | HP: 68/138 [brown ugly thing (3)]
 21443 | D:14     | HP: 59/138 [brown ugly thing (2)]
 21551 | D:14     | Reached skill level 12 in Armour
 21571 | D:14     | Found a gate to the Vaults.
 21739 | D:15     | Entered Level 15 of the Dungeon
 21774 | D:15     | Reached skill level 19 in Invocations
 21786 | D:15     | Identified the +9 ring mail of the Baleful Frog {+Blink
                  | rF++ Will+ Slay+3}
 21852 | D:15     | Reached skill level 1 in Evocations
 21858 | D:15     | Paralysed by a floating eye for 2 turns
 21890 | D:15     | Identified Roxanne's Almanac of Moulding
 21890 | D:15     | Noticed Roxanne
 22143 | D:15     | Reached skill level 2 in Evocations
 22146 | D:15     | Found a staircase to the Depths.
 22146 | D:15     | Noticed a frost giant
 22153 | D:15     | Killed a frost giant
 22161 | D:15     | HP: 68/138 [tengu warrior (4)]
 22190 | D:15     | Identified the +9 mace of Woe {venom, rPois rC+++ Int-3
                  | Dex-2}
 22494 | Spider:1 | Entered Level 1 of the Spider Nest
 22541 | Spider:1 | Reached skill level 3 in Evocations
 22648 | Spider:1 | HP: 68/138 [entropy weaver (9)]
 22653 | Spider:1 | HP: 54/138 [entropy weaver (3)]
 22737 | Spider:1 | Reached skill level 5 in Shields
 22779 | Spider:1 | Reached skill level 4 in Evocations
 22786 | Spider:1 | HP: 56/138 [disintegration (29)]
 22791 | Spider:1 | HP: 23/138 [disintegration (25)]
 22798 | Spider:1 | HP: 13/138 [disintegration (10)]
 23005 | Spider:1 | Reached skill level 5 in Evocations
 23022 | Spider:1 | Identified the +1 buckler of Fanaticism {Dex+2}
 23023 | Spider:1 | Identified the +7 falchion of Causality {speed, Dex+5}
 23148 | Spider:1 | HP: 68/138 [entropy weaver (6)]
 23152 | Spider:1 | HP: 30/138 [entropy weaver (6)]
 23249 | Spider:1 | Identified the +9 mace of Annihilation {freeze, rN++}
 23519 | Spider:1 | Reached skill level 6 in Shields
 23649 | Spider:2 | Noticed Arachne
 23661 | Spider:1 | HP: 68/138 [Arachne (4)]
 23667 | Spider:1 | HP: 67/138 [Arachne (2)]
 23674 | Spider:1 | HP: 91/207 [Arachne (1)]
 23677 | Spider:1 | Killed Arachne
 23678 | Spider:1 | Reached skill level 6 in Evocations
 23678 | Spider:1 | Reached XP level 16. HP: 87/146 MP: 16/20
 24014 | Spider:2 | HP: 71/146 [wolf spider (7)]
 24017 | Spider:2 | Reached skill level 20 in Invocations
 24191 | Spider:2 | Reached skill level 7 in Shields
 24191 | Spider:2 | Reached skill level 7 in Evocations
 24207 | Spider:2 | HP: 72/146 [demonic crawler (7)]
 24214 | Spider:2 | HP: 69/146 [demonic crawler (3)]
 24336 | Spider:2 | HP: 73/146 [wolf spider (12)]
 24342 | Spider:2 | HP: 60/146 [moth of wrath (13)]
 24372 | Spider:2 | HP: 73/146 [demonic crawler (4)]
 24382 | Spider:1 | HP: 71/146 [demonic crawler (2)]
 24865 | Spider:3 | Reached skill level 8 in Evocations
 24865 | Spider:3 | HP: 70/146 [spark wasp[a torpor snail] (4)]
 25135 | Spider:3 | Reached skill level 8 in Shields
 25190 | Spider:3 | HP: 66/146 [spark wasp (16)]
 25199 | Spider:3 | HP: 52/146 [emperor scorpion (1)]
 25210 | Spider:3 | HP: 40/146 [emperor scorpion (12)]
 25294 | Spider:3 | HP: 61/146 [emperor scorpion (5)]
 25318 | Spider:3 | HP: 58/146 [emperor scorpion (3)]
 26749 | Spider:4 | Entered Level 4 of the Spider Nest
 26793 | Spider:3 | Reached skill level 9 in Evocations
 26892 | Spider:4 | HP: 72/146 [redback (9)]
 27122 | Spider:4 | HP: 73/146 [dire elephant (13)]
 27129 | Spider:4 | HP: 68/146 [dire elephant (3)]
 27280 | Spider:4 | Noticed Donald
 27353 | Spider:3 | HP: 69/146 [hornet (8)]
 27354 | Spider:3 | HP: 28/146 [hornet (10)]
 27355 | Spider:3 | HP: 13/146 [hornet (4)]
 27356 | Spider:3 | Elyvilon protects you from harm!
 27357 | Spider:3 | Succumbed to a redback's poison

Illustrated notes

Levels and vault maps discovered:
D:1:      minmay_arrival_loop, layout_loops_ring
D:2:      layout_basic, serial_bayou, serial_bayou_lake_a, serial_bayou_pond_a,
          serial_bayou_pond_d, serial_bayou_pond_b, serial_bayou_pond_e,
          uniq_natasha
D:3:      layout_basic, vehumet_altar_wand_db, serial_shops,
          nicolae_square_shop, uniq_ijyb
D:4:      minmay_wonky_spiral, layout_basic
D:5:      layout_rooms, nicolae_ossuary_entry_catacombs,
          gup_sewer_entry_bubbles, hangedman_glass_teeth, chequers_jeans
D:6:      layout_gridville, minmay_temple_entry_trees, uniq_eustachio
D:7:      layout_gridville, amcnicky_altar_gilded,
          mainiacjoe_overflow_big_doors, serial_shops, nicolae_take_the_stairs
D:8:      layout_basic, grunt_temple_overflow_opulence, lair_entry_dummy,
          uniq_maurice, uniq_pikel, uniq_prince_ribbit1
D:9:      layout_roguey, kennysheep_orc_monster_closet_entryway
D:10:     layout_loops_cross, kennysheep_dice
D:11:     layout_irregular_city
D:12:     minmay_cornered_nines, layout_cave_pools, grunt_ministairs_1,
          grunt_livestock, uniq_psyche, uniq_nessos, uniq_fannar
D:13:     minmay_the_grid_square_5x5_3x3 [minmay_the_grid_square_5x5_mess,
          minmay_the_grid_square_5x5_inset, minmay_the_grid_square_5x5_fat_x,
          minmay_the_grid_square_5x5_checkered_sparse,
          minmay_the_grid_square_5x5_megaprize_hollow,
          minmay_the_grid_square_5x5_sharp_hourglass,
          minmay_the_grid_square_5x5_detours,
          minmay_the_grid_square_5x5_six_small,
          minmay_the_grid_square_5x5_inner_z], layout_grid_maze
D:14:     layout_roguey, grunt_vaults_entry_tiered,
          nicolae_trove_entry_crossroad, nicolae_elemental_shop
D:15:     grunt_enter_depths_snipers, layout_rooms, grunt_decor_fettered,
          lemuel_flamethrower_hall, uniq_roxanne
Temple:   eino_temple_scatter_basement
Lair:1:   layout_chaotic_city, tgw_fedhas
Lair:2:   layout_hall_layers, lemuel_old_faithful, infiniplex_staircase_pool
Lair:3:   layout_cave_pods, minivault_27, grunt_megastairs_3
Lair:4:   layout_regular_city, minmay_shoals_entry_lonely_mermaid,
          spider_nest_entry_rubble
Lair:5:   layout_regular_city, slime_altar_1, lemuel_fruit_fields
Lair:6:   hangedman_lair_caniforms_friends, layout_loops_ring,
          lemuel_fruit_tree, serial_bayou_shore_b, serial_bayou_shore_a
Spider:1: nicolae_spider_mines_3
Spider:2: layout_spider_delve, hangedman_spider_tarantella_strand, uniq_arachne
Spider:3: layout_chambers
Spider:4: spider_rune_water, beargit_elvish_explorers, uniq_aizul, uniq_mara,
          uniq_donald
Orc:1:    layout_caves, basic_altar, bh_open_orc_temple
Orc:2:    st_orc_elflike, layout_diamond_mine, minmay_orc_temple_a

Skill      XL: |  1  2  3  4  5  6  7  8  9 10 11 12 13 14 15 16 |
---------------+-------------------------------------------------+-----
Axes           | 4 5 6 7 8 9 10 11 12 13 15 16 | 16.0
Throwing       | 2 3 4 6 7 8 10 | 10.2
Armour         | 2 3 5 7 10 12 | 12.3
Dodging        | 4 5 |  5.3
Invocations    | 4 7 9 11 13 15 17 19 20 | 20.8
Shields        | 4 6 8 |  8.8
Fighting       | 2 5 7 9 10 | 10.0
Evocations     | 6 9 |  9.5

Action                   |  1- 3 |  4- 6 |  7- 9 | 10-12 | 13-15 | 16-18 || total
-------------------------+-------+-------+-------+-------+-------+-------++-------
Melee: War axe           |    74 |   140 |   485 |   634 |  1224 |       ||  2557
       Whip              |       |       |       |    19 |       |       ||    19
       Mace              |       |       |       |       |   203 |   353 ||   556
Throw: Stone             |    27 |    44 |    33 |       |       |       ||   104
       Boomerang         |       |       |     7 |    95 |    26 |   110 ||   238
       Dart              |       |       |       |       |    86 |    70 ||   156
       Throwing net      |       |       |       |       |     4 |       ||     4
Invok: Lesser Healing    |       |       |    32 |    50 |   158 |    81 ||   321
       Divine Protection |       |       |     1 |       |       |     1 ||     2
       Greater Healing   |       |       |       |     1 |     2 |       ||     3
       Purification      |       |       |       |       |       |     1 ||     1
 Abil: Heal Wounds       |     1 |     2 |    16 |     6 |     6 |       ||    31
       Evoke Blink       |       |       |       |       |       |    22 ||    22
Evoke: Wand              |       |     4 |     7 |       |     4 |     2 ||    17
  Use: Potion            |       |       |     3 |       |     2 |     4 ||     9
       Scroll            |       |       |       |    11 |    10 |     3 ||    24
 Stab: Held in net/web   |       |       |       |       |       |     1 ||     1
Armor: Leather armour    |    31 |     9 |       |       |       |       ||    40
       Ring mail         |       |    25 |   195 |    20 |   195 |   304 ||   739
       Chain mail        |       |       |       |   215 |   182 |       ||   397
       Plate armour      |       |       |       |       |   268 |    61 ||   329
       Skin              |       |       |       |       |       |     2 ||     2
Dodge: Dodged            |    56 |    77 |   468 |   322 |   749 |   390 ||  2062
       Repelled          |       |       |       |     1 |     6 |       ||     7
Block: Buckler           |       |       |       |   215 |   558 |   279 ||  1052

Table legend: (Time is in decaauts)
 A = Elapsed time spent in this place.
 B = Non-inter-level travel time spent in this place.
 C = Inter-level travel time spent in this place.
 D = Time resting spent in this place.
 E = Time spent auto-exploring this place.
 F = Levels seen in this place.
 G = Mean time per level.
                   A        B        C        D        E       F      G
               +--------+--------+--------+--------+--------+-----+--------+
         Total |  27047 |  24804 |   2243 |   1416 |  16072 |  29 |  932.7 |
       Dungeon |  13244 |  12197 |   1047 |    723 |   8045 |  15 |  882.9 |
        Temple |    192 |    174 |     18 |      0 |    148 |   1 |  192.0 |
          Lair |   6538 |   5897 |    641 |    206 |   4227 |   6 | 1089.7 |
   Spider Nest |   4806 |   4378 |    428 |    375 |   2470 |   4 | 1201.5 |
  Orcish Mines |   2056 |   1950 |    106 |    111 |   1095 |   2 | 1028.0 |
       Ossuary |    207 |    207 |      0 |      0 |     87 |   1 |  207.0 |
               +--------+--------+--------+--------+--------+-----+--------+

Top non-repeatable levels by time:
Spider:3: 1935 daAuts
   Orc:2: 1422 daAuts
Spider:1: 1408 daAuts
  Lair:6: 1349 daAuts
     D:7: 1097 daAuts
    D:13: 1090 daAuts
  Lair:3: 1089 daAuts
  Lair:4: 1082 daAuts
  Lair:2: 1056 daAuts
     D:9: 1052 daAuts
     D:4: 1026 daAuts
  Lair:1: 1026 daAuts
    D:10: 1002 daAuts
     D:5: 964 daAuts
Spider:2: 963 daAuts
